 Dungeon Sprint DCSS version 0.26-a0-708-g17f3b190f9 (webtiles) character file.

Game seed: 14694593136947168238

322 olmar the Blocker (level 6, -1/44 HPs)
             Began as a Gargoyle Fighter on Oct 28, 2020.
             Was an Initiate of Gozag.
             Slain by a spatial vortex (16 damage)
             ... in the Dungeon (Sprint III: "The Ten Rune Challenge").
             The game lasted 00:01:10 (154 turns).

olmar the Blocker (Gargoyle Fighter)                 Turns: 154, Time: 00:01:11

Health: -1/44      AC: 15    Str: 22    XL:     6   Next: 47%
Magic:  6/6        EV:  9    Int:  8    God:    Gozag
Gold:   13         SH: 11    Dex:  9    Spells: 5/5 levels left

rFire    . . .     SeeInvis .   a - +0 flail
rCold    . . .     Faith    .   c - +0 kite shield
rNeg     + . .     Spirit   .   b - +0 scale mail
rPois    ∞         Reflect  .   (no helmet)
rElec    +         Harm     .   l - +2 cloak
rCorr    .         Rampage  .   (no gloves)
MR       .....     NoTele   +   (no boots)
Stlth    ..........             (no amulet)
HPRegen  0.14/turn              (no ring)
MPRegen  0.10/turn              (no ring)

@: no status effects
A: negative energy resistance 1, electricity resistance, unbreathing,
petrification resistance, rot immunity, AC +4
a: Potion Petition, Call Merchant, Bribe Branch, Renounce Religion


You were in the Dungeon.
You worshipped Gozag.
Gozag was noncommittal.
You visited 1 branch You collected 13 gold pieces.

Inventory:

Hand Weapons
 a - a +0 flail (weapon)
Armour
 b - a +0 scale mail (worn)
 c - a +0 kite shield (worn)
 l - a +2 cloak (worn)
Scrolls
 j - a scroll of blinking
 k - a scroll of fear {unknown}
 n - a scroll of holy word {unknown}
 o - 4 scrolls of identify
 q - a scroll of torment {unknown}
 r - 2 scrolls of remove curse
Potions
 d - a potion of degeneration {unknown}
 e - a potion of curing
 f - a potion of heal wounds
 g - a potion of haste
 h - 2 potions of magic
 i - a potion of berserk rage
 m - 3 potions of mutation {unknown}
 p - a potion of flight
 s - a potion of brilliance {unknown}
 t - a potion of invisibility {unknown}
Miscellaneous
 u - a box of beasts (3/3)


   Skills:
 + Level 7.2 Fighting
 + Level 6.9 Maces & Flails
 + Level 7.8 Armour
 + Level 1.8 Dodging
 + Level 8.2 Shields


You had 5 spell levels left.
You didn't know any spells.
Your spell library was empty.

Dungeon Overview and Level Annotations

Branches:
Dungeon (1/1)

Altars:
Cheibriados
Fedhas
Gozag
Hepliaklqana
Makhleb
Nemelex Xobeh
Qazlal
Xom
Jiyva
Lugonu


Innate Abilities, Weirdness & Mutations

You are resistant to torment.
Your stone body is resilient. (AC +4)
You are immune to poison.
You resist negative energy. (rN+)
You are resistant to electric shocks. (rElec)
You can survive without breathing.
You are immune to petrification.
You are immune to rotting.


Message History

The spatial vortex is lightly damaged.
Unknown command.
Press < or > to pray at altars.
You thump the spatial vortex!
The spatial vortex is heavily damaged.
Unknown command.
Press < or > to pray at altars.
You sock the spatial vortex!
The spatial vortex is severely damaged.
Unknown command.
Press < or > to pray at altars.
You hit the spatial vortex but do no damage.
The spatial vortex is severely damaged.
Unknown command.
Press < or > to pray at altars.
You sock the spatial vortex!
The spatial vortex is almost destroyed.
The spatial vortex hits you! Space warps horribly around you!
You die...
Your body crumbles into a pile of gold.

..♣♣♣ ♣.# $ ....♣ ♣♣.# $
$$ $$$ ...♣♣♣ ..# $
...≈.♣♣♣♣.###+#+###+## $
..≈≈♣♣.♣..#..........# $
.≈≈≈≈.♣♣♣.'.⌠........# $
$$ $
.≈≈≈≈≈≈.♣.#...######'#$$
$ $$
≈≈≈≈≈≈....#.⌠.#_v#...#
≈≈≈≈≈.....#...#_@#...#
≈≈≈.......#+###__#...#
...†......# #__#...+
..........# #__'...#
▓▓▓▓▓▓▓▓▓▓▓ ▓▓▓▓▓▓▓▓


You could see a spatial vortex.

Vanquished Creatures
  A shadow (D)
  A water elemental (D)
  Crazy Yiuf (D)
  A jelly (D)
  Jessica (D)
  A human (D)
  An ooze (D)
  2 rats (D)
9 creatures vanquished.

Vanquished Creatures (others)
  3 plants (D)
3 creatures vanquished.

Grand Total: 12 creatures vanquished

Notes
Turn   | Place    | Note
-------+----------+-------------------------------------------
     0 | D        | olmar the Gargoyle Fighter began the quest for the Orb.
     0 | D        | Reached XP level 1. HP: 14/14 MP: 1/1
    14 | D        | Noticed Jessica
    19 | D        | Reached skill level 4 in Shields
    21 | D        | Killed Jessica
    21 | D        | Reached skill level 5 in Shields
    21 | D        | Reached XP level 2. HP: 20/20 MP: 2/2
    21 | D        | Reached XP level 3. HP: 24/24 MP: 3/3
    63 | D        | Reached skill level 5 in Fighting
    63 | D        | Reached skill level 5 in Armour
    69 | D        | Noticed Crazy Yiuf
    75 | D        | Killed Crazy Yiuf
    75 | D        | Reached skill level 6 in Shields
    75 | D        | Reached XP level 4. HP: 14/31 MP: 2/4
   111 | D        | Noticed a water elemental
   114 | D        | Killed a water elemental
   114 | D        | Reached skill level 1 in Dodging
   114 | D        | Reached XP level 5. HP: 22/36 MP: 5/5
   129 | D        | Reached skill level 5 in Maces & Flails
   129 | D        | Reached skill level 7 in Shields
   130 | D        | Noticed a shadow
   135 | D        | Killed a shadow
   135 | D        | Reached skill level 8 in Shields
   135 | D        | Reached XP level 6. HP: 22/44 MP: 6/6
   140 | D        | Found a blossoming altar of Fedhas.
   140 | D        | Found a stormy altar of Qazlal.
   141 | D        | Found a snail-covered altar of Cheibriados.
   141 | D        | Found a burning altar of Makhleb.
   141 | D        | Found a hazy altar of Hepliaklqana.
   141 | D        | Found a shimmering altar of Xom.
   141 | D        | Found an opulent altar of Gozag.
   141 | D        | Found a sparkling altar of Nemelex Xobeh.
   141 | D        | Found a corrupted altar of Lugonu.
   141 | D        | Found a viscous altar of Jiyva.
   141 | D        | Noticed a spatial vortex
   148 | D        | Became a worshipper of Gozag Ym Sagoz the Greedy
   154 | D        | Slain by a spatial vortex

Illustrated notes

Levels and vault maps discovered:
D:        dungeon_sprint_mu [sprint_mu_entry_forest, sprint_mu_temple_rooms,
          sprint_mu_d1_horrors, sprint_mu_d2_genie, sprint_mu_d3_branching,
          sprint_mu_orc_legion, sprint_mu_elf_gauntlet, sprint_mu_hive_nellie,
          sprint_mu_lair_fedhas, sprint_mu_vaults_butterflies,
          sprint_mu_slime_circle, sprint_mu_swamp_cave, sprint_mu_shoals_archi,
          sprint_mu_blade_basic, sprint_mu_crypt_chambers,
          sprint_mu_tomb_spiral, sprint_mu_vestibule_basic,
          sprint_mu_gehenna_hellfire, sprint_mu_dis_giant,
          sprint_mu_tartarus_statrot, sprint_mu_cocytus_islands, sprint_mu_zot1]

Skill      XL: |  1  2  3  4  5 |
---------------+----------------+-----
Shields        | 5 6 8 |  8.2
Fighting       | 4 5 6 7 |  7.2
Armour         | 4 5 6 7 |  7.8
Maces & Flails | 3 4 6 |  6.9
Dodging        | 1 |  1.8

Action                   |  1- 3 |  4- 6 || total
-------------------------+-------+-------++-------
Melee: Flail             |    36 |    16 ||    52
  Use: Potion            |     1 |       ||     1
Armor: Scale mail        |    13 |     5 ||    18
Dodge: Dodged            |     8 |       ||     8
Block: Kite shield       |    21 |     3 ||    24

Table legend: (Time is in decaauts)
 A = Elapsed time spent in this place.
 B = Non-inter-level travel time spent in this place.
 C = Inter-level travel time spent in this place.
 D = Time resting spent in this place.
 E = Time spent auto-exploring this place.
 F = Levels seen in this place.
 G = Mean time per level.
                   A        B        C        D        E       F      G
               +--------+--------+--------+--------+--------+-----+--------+
         Total |    171 |    171 |      0 |      7 |      0 |   1 |  171.0 |
       Dungeon |    171 |    171 |      0 |      7 |      0 |   1 |  171.0 |
               +--------+--------+--------+--------+--------+-----+--------+

Top non-repeatable levels by time:
       D: 171 daAuts
